Gangsters vs Senators
Created - 4 janvier 2014 at 10:08
Goals
|
| Gangsters |
1 |
4 |
0 |
0 |
5 |
| Senators |
0 |
2 |
3 |
1 |
6 |
|
Shots
|
| Gangsters |
5 |
14 |
7 |
0 |
26 |
| Senators |
7 |
12 |
14 |
5 |
38 |
|
1st period
1. Gangsters , Ryan Jones 10 (Chris Bourque, Artem Anisimov) at 9:28
Penalties :
Gilbert Brule (BIN) for Slashing (Double Minor) at 1:21, Gilbert Brule (BIN) for High sticking (Minor) at 18:54, Shaun Heska (Bro) for Hooking (Minor) at 18:54
2nd period
2. Senators , Nikolai Kulemin 19 (Gilbert Brule, Milan Jurcina) at 1:26
3. Senators , Stanislav Chistov 16 (Josh Hennessy) at 4:52
4. Gangsters , Ryan Jones 11 (Chris Bourque) at 9:36 (SH)
5. Gangsters , Staffan Kronwall 2 (Chris Bourque, Artem Anisimov) at 11:09
6. Gangsters , Artem Anisimov 8 (Chris Bourque, Staffan Kronwall) at 12:07
7. Gangsters , Staffan Kronwall 3 (Chris Bourque, Alexandre Bolduc) at 12:40
Penalties :
Vladimir Mihalik (BIN) for Slashing (Minor) at 2:18, Bryan Young (Bro) for Holding (Minor) at 8:43, Paul Ranger (BIN) for Hooking (Minor) at 16:50
3rd period
8. Senators , Josh Hennessy 13 (Nikolai Kulemin, B.J. Crombeen) at 12:16
9. Senators , Brett Sterling 10 (Jack Skille) at 16:23
10. Senators , Gilbert Brule 26 (B.J. Crombeen, Paul Ranger) at 19:51
Penalties :
Chris Bourque (Bro) for Hooking (Minor) at 4:25
Overtime #1
11. Senators , Gilbert Brule 27 (Nikolai Kulemin, Milan Jurcina) at 3:58
Penalties :
No Penalty
Goalie Stats
David LeNeveu (Bro), 32 saves from 38 shots - (0,842), OTL, 12-8-3, 63:58 minutes
Jeff Deslauriers (BIN), 11 saves from 15 shots - (0,733), 32:07 minutes
Jacob Markstrom (BIN), 10 saves from 11 shots - (0,909), W, 4-4-2, 31:01 minutes
Players Stats for Gangsters
Player Name G A P +/- PIM S H SB GA TA FO MP PP MP PK MP
------------------------------------------------------------------------------------
Alexandre Bolduc 0 1 1 -1 0 2 1 0 0 0 9/20 17:47 3:37 0:19
Alexei Emelin 0 0 0 -1 0 2 1 1 1 2 0/0 29:31 4:25 2:31
Artem Anisimov 1 2 3 4 0 2 3 0 0 1 4/16 17:59 3:21 0:00
Ben Holmstrom 0 0 0 -1 0 1 2 0 0 0 0/2 7:02 0:00 0:25
Bradley Malone 0 0 0 0 0 0 0 0 0 0 0/0 0:00 0:00 0:00
Brock Bradford 0 0 0 -2 0 2 0 0 0 0 6/8 12:14 0:59 0:00
Bryan Young 0 0 0 0 2 0 2 0 0 0 0/0 13:11 0:53 0:00
Chris Bourque 0 5 5 4 2 4 2 0 1 0 1/2 20:16 3:21 0:15
Colten Teubert 0 0 0 0 0 0 0 1 0 0 0/0 11:36 0:00 0:00
Dave Dziurzynski 0 0 0 -2 0 0 1 0 0 0 0/0 10:56 0:00 0:00
Igor Radulov 0 0 0 -2 0 3 1 0 4 0 6/13 29:40 3:37 2:59
Luke Gazdic 0 0 0 -1 0 0 0 0 0 0 0/0 6:09 0:00 0:19
Maxime Sauvé 0 0 0 0 0 0 0 0 0 0 0/0 0:00 0:00 0:00
Mikko Lehtonen 0 0 0 -3 0 0 1 0 0 0 0/0 12:41 0:59 0:00
Nathan Moon 0 0 0 0 0 0 0 0 0 0 0/0 0:00 0:00 0:00
Phil McRae 0 0 0 0 0 0 0 0 0 0 0/0 0:00 0:00 0:00
Ryan Jones 2 0 2 4 0 5 1 1 1 0 1/1 20:37 3:21 0:40
Ryan Keller 0 0 0 -2 0 0 2 1 0 1 1/2 24:52 3:37 2:59
Shaun Heska 0 0 0 -1 2 2 2 1 2 0 0/0 22:59 3:38 1:27
Staffan Kronwall 2 1 3 -1 0 2 1 4 0 1 0/0 29:25 4:19 2:31
Ville Koistinen 0 0 0 0 0 1 1 1 0 1 0/0 22:57 3:38 1:27
Players Stats for Senators
Player Name G A P +/- PIM S H SB GA TA FO MP PP MP PK MP
------------------------------------------------------------------------------------
B.J. Crombeen 0 2 2 -1 0 5 1 0 1 0 5/11 24:14 2:09 3:31
Brett Sterling 1 0 1 1 0 1 3 0 0 0 0/0 13:05 0:00 2:24
Cody Hodgson 0 0 0 1 0 1 0 0 0 0 3/5 10:30 0:00 0:33
Dylan Hunter 0 0 0 0 0 1 2 0 0 0 0/0 7:26 0:00 0:36
Gilbert Brule 2 1 3 1 6 9 0 4 1 1 14/25 22:08 2:12 1:17
Jack Skille 0 1 1 2 0 0 2 0 0 0 1/1 12:12 0:06 0:00
Josh Hennessy 1 1 2 -1 0 1 2 1 1 1 5/12 15:30 1:43 1:21
Karl Alzner 0 0 0 4 0 0 1 1 0 1 0/0 14:58 0:00 0:51
Logan Stephenson 0 0 0 0 0 0 1 1 0 0 0/0 12:52 0:00 1:36
Mark Olver 0 0 0 0 0 0 0 0 0 0 3/4 6:50 0:00 0:00
Milan Jurcina 0 2 2 2 0 1 2 0 0 0 0/0 22:31 1:33 2:45
Niklas Hagman 0 0 0 -1 0 0 0 0 1 1 4/4 24:17 2:12 3:39
Nikolai Kulemin 1 2 3 1 0 8 2 0 0 1 0/1 20:00 1:43 2:33
Paul Ranger 0 1 1 -2 2 2 4 2 1 1 0/0 30:35 2:25 3:24
Ryan Parent 0 0 0 -2 0 1 3 2 1 0 0/0 31:04 2:25 4:22
Stanislav Chistov 1 0 1 -1 0 2 1 0 0 1 1/1 14:09 1:43 0:00
Steven Goertzen 0 0 0 0 0 5 2 0 0 0 0/0 7:31 0:06 0:00
Vladimir Mihalik 0 0 0 0 2 1 1 1 0 2 0/0 16:00 1:33 2:56
3 Stars
1 - Artem Anisimov (Bro)
2 - Chris Bourque (Bro)
3 - Ryan Jones (Bro)
Power Play
Gangsters - 0 on 4 Attempt(s) - 0,00%
Senators - 0 on 2 Attempt(s) - 0,00%
Penalty Kill
Gangsters - 2 on 2 Attempt(s) - 100,00%
- Score 1 goal in Penalty Kill
Senators - 4 on 4 Attempt(s) - 100,00%
- Score 0 goal in Penalty Kill
Official
Referees : Sutherland Kelly and McCauley Wes
Linesman : Tony Sericolo and Mike Cvik
Game Notes
Jacob Markstrom enters game at 12:07 of 2nd period
Vladimir Mihalik is injured at 10:39 of 3rd period (Left Hand)
Finance
Level 1 -- Attendance: 1566 (78,30%) -- Ticket Income 54 810 $
Level 2 -- Attendance: 739 (73,90%) -- Ticket Income 11 085 $
Total Attendance: 2305 (76,83%)
Total Ticket Income: 65 895 $
Other Income: 3 295 $
Total Income: 69 190 $
Gangsters
5 vs 5 Forward
Center Left Wing Right Wing Time % Phy DF OF
1 Alexandre Bolduc Igor Radulov Ryan Keller 40 1 2 2
2 Artem Anisimov Chris Bourque Ryan Jones 30 1 2 2
3 Brock Bradford Dave Dziurzynski Mikko Lehtonen 20 1 2 2
4 Ben Holmstrom Luke Gazdic Igor Radulov 10 1 2 2
5 vs 5 Defense
Defense Defense Time % Phy DF OF
1 Staffan Kronwall Alexei Emelin 40 1 2 2
2 Ville Koistinen Shaun Heska 30 1 2 2
3 Bryan Young Colten Teubert 20 1 2 2
4 Staffan Kronwall Alexei Emelin 10 1 2 2
PowerPlay Forward
Center Left Wing Right Wing Time % Phy DF OF
1 Alexandre Bolduc Igor Radulov Ryan Keller 60 1 2 2
2 Artem Anisimov Chris Bourque Ryan Jones 40 1 2 2
PowerPlay Defense
Defense Defense Time % Phy DF OF
1 Staffan Kronwall Alexei Emelin 60 1 2 2
2 Ville Koistinen Shaun Heska 40 1 2 2
Penalty Kill 4 Players Forward
Center Wing Time % Phy DF OF
1 Igor Radulov Ryan Keller 60 1 2 2
2 Chris Bourque Ryan Jones 40 1 2 2
Penalty Kill 4 Players Defense
Defense Defense Time % Phy DF OF
1 Staffan Kronwall Alexei Emelin 60 1 2 2
2 Ville Koistinen Shaun Heska 40 1 2 2
Penalty Kill - 3 Players Forward
Forward Time % Phy DF OF
1 Igor Radulov 60 1 2 2
2 Ryan Keller 40 1 2 2
Penalty Kill - 3 Players Defense
Defense Defense Time % Phy DF OF
1 Staffan Kronwall Alexei Emelin 60 1 2 2
2 Ville Koistinen Shaun Heska 40 1 2 2
4 vs 4 Forward
Center Wing Time % Phy DF OF
1 Igor Radulov Ryan Keller 60 1 2 2
2 Chris Bourque Ryan Jones 40 1 2 2
4 vs 4 Defense
Defense Defense Time % Phy DF OF
1 Staffan Kronwall Alexei Emelin 60 1 2 2
2 Ville Koistinen Shaun Heska 40 1 2 2
Last Minutes Offensive
Center Left Wing Right Wing Defense Defense
Alexandre Bolduc Igor Radulov Ryan Keller Staffan Kronwall Alexei Emelin
Last Minutes Defensive
Center Left Wing Right Wing Defense Defense
Alexandre Bolduc Igor Radulov Ryan Keller Staffan Kronwall Alexei Emelin
Goaltenders
Starting : David LeNeveu
Backup : Dustin Tokarski
Extra Forwards
Normal : Mikko Lehtonen, Brock Bradford, Ben Holmstrom - PP : Mikko Lehtonen, Brock Bradford - PK : Ben Holmstrom
Extra Defensemen
Normal : Bryan Young, Colten Teubert, Ville Koistinen - PP : Bryan Young - PK : Colten Teubert, Ville Koistinen
Penalty Shots
Igor Radulov, Ryan Keller, Chris Bourque, Ryan Jones, Alexandre Bolduc
Senators
5 vs 5 Forward
Center Left Wing Right Wing Time % Phy DF OF
1 Gilbert Brule Niklas Hagman B.J. Crombeen 40 1 2 2
2 Josh Hennessy Nikolai Kulemin Stanislav Chistov 30 1 2 2
3 Cody Hodgson Brett Sterling Jack Skille 20 1 2 2
4 Mark Olver Dylan Hunter Steven Goertzen 10 1 2 2
5 vs 5 Defense
Defense Defense Time % Phy DF OF
1 Paul Ranger Ryan Parent 40 1 2 2
2 Vladimir Mihalik Milan Jurcina 30 1 2 2
3 Karl Alzner Logan Stephenson 20 1 2 2
4 Paul Ranger Ryan Parent 10 1 2 2
PowerPlay Forward
Center Left Wing Right Wing Time % Phy DF OF
1 Gilbert Brule Niklas Hagman B.J. Crombeen 60 1 2 2
2 Josh Hennessy Nikolai Kulemin Stanislav Chistov 40 1 2 2
PowerPlay Defense
Defense Defense Time % Phy DF OF
1 Paul Ranger Ryan Parent 60 1 2 2
2 Vladimir Mihalik Milan Jurcina 40 1 2 2
Penalty Kill 4 Players Forward
Center Wing Time % Phy DF OF
1 B.J. Crombeen Niklas Hagman 60 1 2 2
2 Gilbert Brule Nikolai Kulemin 40 1 2 2
Penalty Kill 4 Players Defense
Defense Defense Time % Phy DF OF
1 Paul Ranger Ryan Parent 60 1 2 2
2 Vladimir Mihalik Milan Jurcina 40 1 2 2
Penalty Kill - 3 Players Forward
Forward Time % Phy DF OF
1 B.J. Crombeen 60 1 2 2
2 Niklas Hagman 40 1 2 2
Penalty Kill - 3 Players Defense
Defense Defense Time % Phy DF OF
1 Paul Ranger Ryan Parent 60 1 2 2
2 Vladimir Mihalik Milan Jurcina 40 1 2 2
4 vs 4 Forward
Center Wing Time % Phy DF OF
1 B.J. Crombeen Niklas Hagman 60 1 2 2
2 Gilbert Brule Nikolai Kulemin 40 1 2 2
4 vs 4 Defense
Defense Defense Time % Phy DF OF
1 Paul Ranger Ryan Parent 60 1 2 2
2 Vladimir Mihalik Milan Jurcina 40 1 2 2
Last Minutes Offensive
Center Left Wing Right Wing Defense Defense
Gilbert Brule Niklas Hagman B.J. Crombeen Paul Ranger Ryan Parent
Last Minutes Defensive
Center Left Wing Right Wing Defense Defense
Gilbert Brule Niklas Hagman B.J. Crombeen Paul Ranger Ryan Parent
Goaltenders
Starting : Jeff Deslauriers
Backup : Jacob Markstrom
Extra Forwards
Normal : Jack Skille, Steven Goertzen, Brett Sterling - PP : Jack Skille, Steven Goertzen - PK : Brett Sterling
Extra Defensemen
Normal : Karl Alzner, Logan Stephenson, Vladimir Mihalik - PP : Karl Alzner - PK : Logan Stephenson, Vladimir Mihalik
Penalty Shots
B.J. Crombeen, Niklas Hagman, Gilbert Brule, Nikolai Kulemin, Stanislav Chistov
% Time on Ice - Gangsters
Lines # - Real PCT - Wanted PCT - Time Play
Normal Forward
1 - 29% - 40% - 13:12
2 - 34% - 30% - 15:11
3 - 24% - 20% - 10:56
4 - 13% - 10% - 5:50
Normal Defense
1 - 40% - 40% - 18:03
2 - 33% - 30% - 14:57
3 - 25% - 20% - 11:21
4 - 2% - 10% - 0:48
PP Forward
1 - 58% - 60% - 4:36
2 - 42% - 40% - 3:21
PP Defense
1 - 54% - 60% - 4:19
2 - 46% - 40% - 3:38
PK Forward
1 - 83% - 60% - 3:18
2 - 17% - 40% - 0:40
PK Defense
1 - 63% - 60% - 2:31
2 - 37% - 40% - 1:27
PK3 Forward
1 - 0% - 60%
2 - 0% - 40%
PK3 Defense
1 - 0% - 60%
2 - 0% - 40%
44 Forward
1 - 76% - 60% - 4:32
2 - 24% - 40% - 1:25
44 Defense
1 - 51% - 60% - 3:02
2 - 49% - 40% - 2:55
Last Minute Offensive - 0:00
Last Minute Defensive - 0:57
Total
Forward - 63:58
Defense - 63:58
|
% Time on Ice - Senators
Lines # - Real PCT - Wanted PCT - Time Play
Normal Forward
1 - 33% - 40% - 14:59
2 - 30% - 30% - 13:26
3 - 22% - 20% - 9:57
4 - 15% - 10% - 6:50
Normal Defense
1 - 43% - 40% - 19:18
2 - 34% - 30% - 15:09
3 - 20% - 20% - 9:06
4 - 4% - 10% - 1:39
PP Forward
1 - 57% - 60% - 2:15
2 - 43% - 40% - 1:43
PP Defense
1 - 61% - 60% - 2:25
2 - 39% - 40% - 1:33
PK Forward
1 - 67% - 60% - 5:18
2 - 33% - 40% - 2:39
PK Defense
1 - 63% - 60% - 5:00
2 - 37% - 40% - 2:57
PK3 Forward
1 - 0% - 60%
2 - 0% - 40%
PK3 Defense
1 - 0% - 60%
2 - 0% - 40%
44 Forward
1 - 57% - 60% - 3:22
2 - 43% - 40% - 2:35
44 Defense
1 - 43% - 60% - 2:35
2 - 57% - 40% - 3:22
Last Minute Offensive - 0:54
Last Minute Defensive - 0:00
Total
Forward - 63:58
Defense - 63:58
|
Play by Play
1st period
0:01 of 1st period - Gilbert Brule wins face-off versus Alexandre Bolduc in neutral zone.
0:29 of 1st period - Slapshot by Artem Anisimov.
0:29 of 1st period - Shot Blocked by Ryan Parent.
1:18 of 1st period - Off-side.
1:19 of 1st period - Niklas Hagman wins face-off versus Artem Anisimov in neutral zone.
1:21 of 1st period - Double Minor Penalty to Gilbert Brule for Slashing.
1:22 of 1st period - B.J. Crombeen wins face-off versus Alexandre Bolduc in Senators zone.
1:47 of 1st period - Alexei Emelin is hit by Nikolai Kulemin and loses puck.
3:43 of 1st period - Milan Jurcina is hit by Bryan Young and loses puck.
4:55 of 1st period - Off-side.
4:56 of 1st period - Cody Hodgson wins face-off versus Alexandre Bolduc in neutral zone.
4:59 of 1st period - Igor Radulov is hit by Milan Jurcina and loses puck.
5:12 of 1st period - Ville Koistinen is hit by Logan Stephenson and loses puck.
5:21 of 1st period - Penalty to Gilbert Brule is over, Gilbert Brule is back on ice.
5:38 of 1st period - Snap shot by Gilbert Brule.
5:38 of 1st period - Stopped by David LeNeveu with a rebound.
5:56 of 1st period - Colten Teubert is hit by Steven Goertzen.
6:28 of 1st period - Snap shot by B.J. Crombeen.
6:28 of 1st period - Stopped by David LeNeveu with a rebound.
6:38 of 1st period - Staffan Kronwall is hit by Stanislav Chistov and loses puck.
6:45 of 1st period - Snap shot by Josh Hennessy.
6:45 of 1st period - Shot Misses the Net.
7:05 of 1st period - Artem Anisimov is hit by Milan Jurcina and loses puck.
7:20 of 1st period - Ryan Keller is hit by Nikolai Kulemin and loses puck.
7:31 of 1st period - Brett Sterling is hit by Dave Dziurzynski and loses puck.
8:03 of 1st period - Icing by B.J. Crombeen.
8:04 of 1st period - Brock Bradford wins face-off versus Gilbert Brule in Senators zone.
8:26 of 1st period - Wrist shot by Nikolai Kulemin.
8:26 of 1st period - Stopped by David LeNeveu without a rebound.
8:27 of 1st period - Brock Bradford wins face-off versus Nikolai Kulemin in Gangsters zone.
8:42 of 1st period - Off-side.
8:43 of 1st period - Gilbert Brule wins face-off versus Ryan Keller in neutral zone.
8:46 of 1st period - Snap shot by Gilbert Brule.
8:46 of 1st period - Shot Blocked by Staffan Kronwall.
9:08 of 1st period - Slapshot by Igor Radulov.
9:08 of 1st period - Stopped by Jeff Deslauriers with a rebound.
9:10 of 1st period - Slapshot by Ville Koistinen.
9:10 of 1st period - Shot Blocked by Josh Hennessy.
9:12 of 1st period - Slapshot by Ville Koistinen.
9:12 of 1st period - Deflect By Ryan Jones.
9:12 of 1st period - Shot Misses the Net.
9:12 of 1st period - Puck is out of play.
9:13 of 1st period - Artem Anisimov wins face-off versus Gilbert Brule in Senators zone.
9:18 of 1st period - Wrist shot by Gilbert Brule.
9:18 of 1st period - Shot Misses the Net.
9:24 of 1st period - Snap shot by Artem Anisimov.
9:24 of 1st period - Shot Blocked by Gilbert Brule.
9:26 of 1st period - Wrist shot by Chris Bourque.
9:26 of 1st period - Shot Misses the Net.
9:28 of 1st period - Snap shot by Ryan Jones.
9:28 of 1st period - Goal by Ryan Jones - Gangsters : 1 - Senators : 0.
9:29 of 1st period - Ryan Keller wins face-off versus Gilbert Brule in neutral zone.
9:54 of 1st period - Brett Sterling is hit by Alexei Emelin and loses puck.
10:05 of 1st period - Ryan Parent is hit by Chris Bourque and loses puck.
11:05 of 1st period - Chris Bourque is hit by Ryan Parent and loses puck.
11:10 of 1st period - Wrist shot by Cody Hodgson.
11:10 of 1st period - Stopped by David LeNeveu with a rebound.
11:12 of 1st period - Snap shot by Ryan Parent.
11:12 of 1st period - Shot Misses the Net.
11:18 of 1st period - Slapshot by Cody Hodgson.
11:18 of 1st period - Shot Misses the Net.
11:20 of 1st period - Slapshot by Paul Ranger.
11:20 of 1st period - Stopped by David LeNeveu without a rebound.
11:21 of 1st period - Gilbert Brule wins face-off versus Brock Bradford in Gangsters zone.
11:57 of 1st period - Wrist shot by Nikolai Kulemin.
11:57 of 1st period - Stopped by David LeNeveu with a rebound.
12:17 of 1st period - Snap shot by Dylan Hunter.
12:17 of 1st period - Deflect By Steven Goertzen.
12:17 of 1st period - Stopped by David LeNeveu with a rebound.
12:19 of 1st period - Snap shot by Dylan Hunter.
12:19 of 1st period - Shot Misses the Net.
13:10 of 1st period - Karl Alzner is hit by Igor Radulov and loses puck.
13:17 of 1st period - Ryan Keller is hit by Steven Goertzen.
13:27 of 1st period - Snap shot by Chris Bourque.
13:27 of 1st period - Deflect By Artem Anisimov.
13:27 of 1st period - Shot Blocked by Gilbert Brule.
13:27 of 1st period - Puck is out of play.
13:28 of 1st period - Chris Bourque wins face-off versus B.J. Crombeen in Senators zone.
13:41 of 1st period - Slapshot by Alexei Emelin.
13:41 of 1st period - Shot Blocked by Vladimir Mihalik.
13:55 of 1st period - Snap shot by Chris Bourque.
13:55 of 1st period - Stopped by Jeff Deslauriers without a rebound.
13:56 of 1st period - Niklas Hagman wins face-off versus Alexandre Bolduc in Senators zone.
14:29 of 1st period - Wrist shot by Alexei Emelin.
14:29 of 1st period - Deflect By Brock Bradford.
14:29 of 1st period - Stopped by Jeff Deslauriers with a rebound.
15:38 of 1st period - Logan Stephenson is hit by Bryan Young and loses puck.
16:09 of 1st period - Colten Teubert is hit by Brett Sterling and loses puck.
17:07 of 1st period - Wrist shot by Cody Hodgson.
17:07 of 1st period - Deflect By Ville Koistinen.
17:07 of 1st period - Shot Blocked by Shaun Heska.
17:07 of 1st period - Puck is out of play.
17:08 of 1st period - Cody Hodgson wins face-off versus Artem Anisimov in Gangsters zone.
17:11 of 1st period - Slapshot by Brett Sterling.
17:11 of 1st period - Shot Misses the Net.
17:21 of 1st period - Snap shot by Ryan Jones.
17:21 of 1st period - Stopped by Jeff Deslauriers with a rebound.
17:31 of 1st period - Alexandre Bolduc is hit by B.J. Crombeen and loses puck.
18:34 of 1st period - Snap shot by Brett Sterling.
18:34 of 1st period - Shot Misses the Net.
18:36 of 1st period - Slapshot by Ryan Parent.
18:36 of 1st period - Shot Misses the Net.
18:54 of 1st period - Minor Penalty to Gilbert Brule for High sticking.
18:54 of 1st period - Minor Penalty to Shaun Heska for Hooking.
18:55 of 1st period - Igor Radulov wins face-off versus B.J. Crombeen in neutral zone.
19:06 of 1st period - Igor Radulov is hit by Ryan Parent and loses puck.
19:41 of 1st period - Wrist shot by Jack Skille.
19:41 of 1st period - Shot Misses the Net.
2nd period
0:01 of 2nd period - Igor Radulov wins face-off versus B.J. Crombeen in neutral zone.
0:32 of 2nd period - B.J. Crombeen is hit by Ryan Keller.
0:54 of 2nd period - Penalty to Gilbert Brule is over, Gilbert Brule is back on ice.
0:54 of 2nd period - Penalty to Shaun Heska is over, Shaun Heska is back on ice.
1:24 of 2nd period - Snap shot by Nikolai Kulemin.
1:24 of 2nd period - Shot Misses the Net.
1:26 of 2nd period - Snap shot by Nikolai Kulemin.
1:26 of 2nd period - Goal by Nikolai Kulemin - Gangsters : 1 - Senators : 1.
1:27 of 2nd period - Niklas Hagman wins face-off versus Alexandre Bolduc in neutral zone.
1:36 of 2nd period - Slapshot by Shaun Heska.
1:36 of 2nd period - Stopped by Jeff Deslauriers with a rebound.
1:42 of 2nd period - Snap shot by Niklas Hagman.
1:42 of 2nd period - Shot Hit the Post.
1:54 of 2nd period - Ville Koistinen is hit by Dylan Hunter and loses puck.
2:01 of 2nd period - Wrist shot by Mikko Lehtonen.
2:01 of 2nd period - Shot Misses the Net.
2:03 of 2nd period - Wrist shot by Brock Bradford.
2:03 of 2nd period - Stopped by Jeff Deslauriers without a rebound.
2:04 of 2nd period - Alexandre Bolduc wins face-off versus Josh Hennessy in Senators zone.
2:18 of 2nd period - Minor Penalty to Vladimir Mihalik for Slashing.
2:19 of 2nd period - B.J. Crombeen wins face-off versus Alexandre Bolduc in Senators zone.
2:28 of 2nd period - Slapshot by Alexei Emelin.
2:28 of 2nd period - Stopped by Jeff Deslauriers with a rebound.
2:32 of 2nd period - Snap shot by Igor Radulov.
2:32 of 2nd period - Shot Misses the Net.
2:44 of 2nd period - Ryan Parent is hit by Chris Bourque and loses puck.
4:18 of 2nd period - Penalty to Vladimir Mihalik is over, Vladimir Mihalik is back on ice.
4:52 of 2nd period - Snap shot by Stanislav Chistov.
4:52 of 2nd period - Goal by Stanislav Chistov - Gangsters : 1 - Senators : 2.
4:53 of 2nd period - Artem Anisimov wins face-off versus Gilbert Brule in neutral zone.
5:08 of 2nd period - Snap shot by Gilbert Brule.
5:08 of 2nd period - Stopped by David LeNeveu without a rebound.
5:09 of 2nd period - Alexandre Bolduc wins face-off versus Josh Hennessy in Gangsters zone.
5:31 of 2nd period - Icing by Nikolai Kulemin.
5:32 of 2nd period - Artem Anisimov wins face-off versus Josh Hennessy in Senators zone.
5:37 of 2nd period - Snap shot by Ryan Jones.
5:37 of 2nd period - Deflect By Chris Bourque.
5:37 of 2nd period - Shot Misses the Net.
5:37 of 2nd period - Puck is out of play.
5:38 of 2nd period - Gilbert Brule wins face-off versus Artem Anisimov in Senators zone.
5:38 of 2nd period - Gilbert Brule is hit by Artem Anisimov.
5:54 of 2nd period - Snap shot by Niklas Hagman.
5:54 of 2nd period - Shot Misses the Net.
6:06 of 2nd period - Josh Hennessy is hit by Shaun Heska and loses puck.
6:53 of 2nd period - Ville Koistinen is hit by Dylan Hunter.
7:53 of 2nd period - Snap shot by Mikko Lehtonen.
7:53 of 2nd period - Shot Blocked by Logan Stephenson.
8:43 of 2nd period - Minor Penalty to Bryan Young for Holding.
8:44 of 2nd period - Igor Radulov wins face-off versus Gilbert Brule in Gangsters zone.
9:18 of 2nd period - Slapshot by Paul Ranger.
9:18 of 2nd period - Shot Misses the Net.
9:36 of 2nd period - Wrist shot by Ryan Jones.
9:36 of 2nd period - Goal by Ryan Jones - Gangsters : 2 - Senators : 2.
9:37 of 2nd period - Gilbert Brule wins face-off versus Igor Radulov in neutral zone.
9:51 of 2nd period - Icing by Milan Jurcina.
9:52 of 2nd period - Niklas Hagman wins face-off versus Igor Radulov in Senators zone.
9:57 of 2nd period - Wrist shot by Gilbert Brule.
9:57 of 2nd period - Shot Misses the Net.
9:59 of 2nd period - Wrist shot by Gilbert Brule.
9:59 of 2nd period - Shot Blocked by Ryan Keller.
10:20 of 2nd period - Off-side.
10:21 of 2nd period - Igor Radulov wins face-off versus Josh Hennessy in neutral zone.
10:30 of 2nd period - Backhand shot by Nikolai Kulemin.
10:30 of 2nd period - Stopped by David LeNeveu without a rebound.
10:31 of 2nd period - Igor Radulov wins face-off versus Josh Hennessy in Gangsters zone.
10:39 of 2nd period - Icing by Paul Ranger.
10:40 of 2nd period - Gilbert Brule wins face-off versus Igor Radulov in Senators zone.
10:43 of 2nd period - Penalty to Bryan Young is over, Bryan Young is back on ice.
10:55 of 2nd period - Snap shot by B.J. Crombeen.
10:55 of 2nd period - Stopped by David LeNeveu without a rebound.
10:56 of 2nd period - Artem Anisimov wins face-off versus Josh Hennessy in Gangsters zone.
11:07 of 2nd period - Snap shot by Chris Bourque.
11:07 of 2nd period - Shot Misses the Net.
11:09 of 2nd period - Slapshot by Staffan Kronwall.
11:09 of 2nd period - Goal by Staffan Kronwall - Gangsters : 3 - Senators : 2.
11:10 of 2nd period - Alexandre Bolduc wins face-off versus Gilbert Brule in neutral zone.
11:35 of 2nd period - Igor Radulov is hit by Jack Skille and loses puck.
11:44 of 2nd period - Brett Sterling is hit by Ville Koistinen and loses puck.
11:49 of 2nd period - Snap shot by Igor Radulov.
11:49 of 2nd period - Shot Misses the Net.
11:51 of 2nd period - Wrist shot by Alexandre Bolduc.
11:51 of 2nd period - Shot Blocked by Paul Ranger.
11:53 of 2nd period - Slapshot by Shaun Heska.
11:53 of 2nd period - Stopped by Jeff Deslauriers without a rebound.
11:54 of 2nd period - Ryan Jones wins face-off versus B.J. Crombeen in Senators zone.
12:01 of 2nd period - Snap shot by Chris Bourque.
12:01 of 2nd period - Stopped by Jeff Deslauriers with a rebound.
12:03 of 2nd period - Slapshot by Staffan Kronwall.
12:03 of 2nd period - Deflect By Chris Bourque.
12:03 of 2nd period - Stopped by Jeff Deslauriers with a rebound.
12:05 of 2nd period - Snap shot by Artem Anisimov.
12:05 of 2nd period - Stopped by Jeff Deslauriers with a rebound.
12:07 of 2nd period - Snap shot by Artem Anisimov.
12:07 of 2nd period - Goal by Artem Anisimov - Gangsters : 4 - Senators : 2.
12:07 of 2nd period - Jacob Markstrom enters game.
12:08 of 2nd period - Alexandre Bolduc wins face-off versus Gilbert Brule in neutral zone.
12:22 of 2nd period - Wrist shot by B.J. Crombeen.
12:22 of 2nd period - Stopped by David LeNeveu with a rebound.
12:24 of 2nd period - Snap shot by Gilbert Brule.
12:24 of 2nd period - Stopped by David LeNeveu with a rebound.
12:40 of 2nd period - Snap shot by Staffan Kronwall.
12:40 of 2nd period - Goal by Staffan Kronwall - Gangsters : 5 - Senators : 2.
12:41 of 2nd period - Alexandre Bolduc wins face-off versus Gilbert Brule in neutral zone.
12:48 of 2nd period - Slapshot by Staffan Kronwall.
12:48 of 2nd period - Deflect By Igor Radulov.
12:48 of 2nd period - Stopped by Jacob Markstrom without a rebound.
12:49 of 2nd period - Gilbert Brule wins face-off versus Alexandre Bolduc in Senators zone.
13:22 of 2nd period - Wrist shot by Alexandre Bolduc.
13:22 of 2nd period - Stopped by Jacob Markstrom with a rebound.
13:24 of 2nd period - Snap shot by Ryan Keller.
13:24 of 2nd period - Deflect By Alexandre Bolduc.
13:24 of 2nd period - Stopped by Jacob Markstrom with a rebound.
13:28 of 2nd period - Snap shot by Ryan Keller.
13:28 of 2nd period - Deflect By Igor Radulov.
13:28 of 2nd period - Shot Misses the Net.
13:28 of 2nd period - Puck is out of play.
13:29 of 2nd period - Stanislav Chistov wins face-off versus Artem Anisimov in Senators zone.
13:35 of 2nd period - Icing by Nikolai Kulemin.
13:36 of 2nd period - Josh Hennessy wins face-off versus Artem Anisimov in Senators zone.
13:36 of 2nd period - Josh Hennessy is hit by Artem Anisimov.
13:44 of 2nd period - Wrist shot by Nikolai Kulemin.
13:44 of 2nd period - Shot Misses the Net.
13:46 of 2nd period - Wrist shot by Nikolai Kulemin.
13:46 of 2nd period - Shot Misses the Net.
13:48 of 2nd period - Slapshot by Josh Hennessy.
13:48 of 2nd period - Shot Misses the Net.
13:50 of 2nd period - Slapshot by Milan Jurcina.
13:50 of 2nd period - Stopped by David LeNeveu with a rebound.
13:52 of 2nd period - Slapshot by Vladimir Mihalik.
13:52 of 2nd period - Stopped by David LeNeveu with a rebound.
14:26 of 2nd period - Wrist shot by Shaun Heska.
14:26 of 2nd period - Shot Misses the Net.
14:32 of 2nd period - Snap shot by Mikko Lehtonen.
14:32 of 2nd period - Shot Misses the Net.
14:36 of 2nd period - Snap shot by Brock Bradford.
14:36 of 2nd period - Shot Misses the Net.
14:46 of 2nd period - Igor Radulov is hit by Paul Ranger.
14:54 of 2nd period - Snap shot by Steven Goertzen.
14:54 of 2nd period - Stopped by David LeNeveu with a rebound.
15:47 of 2nd period - Ryan Keller is hit by Paul Ranger.
15:59 of 2nd period - Vladimir Mihalik is hit by Artem Anisimov and loses puck.
16:31 of 2nd period - Wrist shot by Mikko Lehtonen.
16:31 of 2nd period - Shot Misses the Net.
16:45 of 2nd period - Slapshot by Dylan Hunter.
16:45 of 2nd period - Stopped by David LeNeveu with a rebound.
16:47 of 2nd period - Snap shot by Steven Goertzen.
16:47 of 2nd period - Stopped by David LeNeveu without a rebound.
16:48 of 2nd period - Mark Olver wins face-off versus Artem Anisimov in Gangsters zone.
16:50 of 2nd period - Minor Penalty to Paul Ranger for Hooking.
16:51 of 2nd period - Alexandre Bolduc wins face-off versus B.J. Crombeen in Senators zone.
17:22 of 2nd period - Wrist shot by Artem Anisimov.
17:22 of 2nd period - Shot Misses the Net.
17:24 of 2nd period - Wrist shot by Ryan Jones.
17:24 of 2nd period - Shot Blocked by Gilbert Brule.
17:26 of 2nd period - Slapshot by Staffan Kronwall.
17:26 of 2nd period - Shot Blocked by Gilbert Brule.
18:08 of 2nd period - Shaun Heska is hit by Ryan Parent and loses puck.
18:50 of 2nd period - Penalty to Paul Ranger is over, Paul Ranger is back on ice.
19:04 of 2nd period - Wrist shot by Stanislav Chistov.
19:04 of 2nd period - Shot Blocked by Staffan Kronwall.
19:19 of 2nd period - Wrist shot by Steven Goertzen.
19:19 of 2nd period - Shot Misses the Net.
19:21 of 2nd period - Slapshot by Vladimir Mihalik.
19:21 of 2nd period - Shot Blocked by Colten Teubert.
19:40 of 2nd period - Nikolai Kulemin is hit by Shaun Heska.
3rd period
0:01 of 3rd period - Gilbert Brule wins face-off versus Alexandre Bolduc in neutral zone.
0:08 of 3rd period - Snap shot by B.J. Crombeen.
0:08 of 3rd period - Stopped by David LeNeveu with a rebound.
0:14 of 3rd period - B.J. Crombeen is hit by Staffan Kronwall and loses puck.
0:22 of 3rd period - Icing by Milan Jurcina.
0:23 of 3rd period - Gilbert Brule wins face-off versus Artem Anisimov in Senators zone.
0:41 of 3rd period - Ville Koistinen is hit by Vladimir Mihalik and loses puck.
1:12 of 3rd period - Dave Dziurzynski is hit by Paul Ranger and loses puck.
1:21 of 3rd period - Jack Skille is hit by Mikko Lehtonen and loses puck.
1:33 of 3rd period - Icing by Jack Skille.
1:34 of 3rd period - Mark Olver wins face-off versus Ben Holmstrom in Senators zone.
1:34 of 3rd period - Mark Olver is hit by Ben Holmstrom.
2:00 of 3rd period - Wrist shot by B.J. Crombeen.
2:00 of 3rd period - Deflect By Gilbert Brule.
2:00 of 3rd period - Stopped by David LeNeveu with a rebound.
2:02 of 3rd period - Slapshot by Logan Stephenson.
2:02 of 3rd period - Shot Blocked by Ryan Jones.
2:04 of 3rd period - Snap shot by Karl Alzner.
2:04 of 3rd period - Shot Misses the Net.
2:28 of 3rd period - Snap shot by Stanislav Chistov.
2:28 of 3rd period - Stopped by David LeNeveu with a rebound.
2:46 of 3rd period - Wrist shot by Alexandre Bolduc.
2:46 of 3rd period - Shot Misses the Net.
3:39 of 3rd period - Off-side.
3:40 of 3rd period - Josh Hennessy wins face-off versus Ben Holmstrom in neutral zone.
4:08 of 3rd period - Wrist shot by Igor Radulov.
4:08 of 3rd period - Deflect By Ben Holmstrom.
4:08 of 3rd period - Stopped by Jacob Markstrom without a rebound.
4:09 of 3rd period - Gilbert Brule wins face-off versus Artem Anisimov in Senators zone.
4:14 of 3rd period - Slapshot by Paul Ranger.
4:14 of 3rd period - Stopped by David LeNeveu without a rebound.
4:15 of 3rd period - B.J. Crombeen wins face-off versus Artem Anisimov in Gangsters zone.
4:18 of 3rd period - Snap shot by Gilbert Brule.
4:18 of 3rd period - Stopped by David LeNeveu with a rebound.
4:25 of 3rd period - Minor Penalty to Chris Bourque for Hooking.
4:26 of 3rd period - Gilbert Brule wins face-off versus Igor Radulov in Gangsters zone.
4:55 of 3rd period - Snap shot by Nikolai Kulemin.
4:55 of 3rd period - Shot Blocked by Staffan Kronwall.
4:57 of 3rd period - Slapshot by Nikolai Kulemin.
4:57 of 3rd period - Stopped by David LeNeveu with a rebound.
5:01 of 3rd period - Wrist shot by Nikolai Kulemin.
5:01 of 3rd period - Shot Blocked by Staffan Kronwall.
6:14 of 3rd period - Igor Radulov is hit by Josh Hennessy and loses puck.
6:25 of 3rd period - Penalty to Chris Bourque is over, Chris Bourque is back on ice.
6:37 of 3rd period - Alexei Emelin is hit by Paul Ranger.
6:46 of 3rd period - Icing by Mikko Lehtonen.
6:47 of 3rd period - Brock Bradford wins face-off versus Mark Olver in Gangsters zone.
8:05 of 3rd period - Off-side.
8:06 of 3rd period - Mark Olver wins face-off versus Brock Bradford in neutral zone.
8:57 of 3rd period - Snap shot by Chris Bourque.
8:57 of 3rd period - Stopped by Jacob Markstrom with a rebound.
8:59 of 3rd period - Wrist shot by Ryan Jones.
8:59 of 3rd period - Deflect By Jack Skille.
8:59 of 3rd period - Stopped by Jacob Markstrom with a rebound.
9:49 of 3rd period - Snap shot by Chris Bourque.
9:49 of 3rd period - Deflect By Ryan Jones.
9:49 of 3rd period - Stopped by Jacob Markstrom without a rebound.
9:50 of 3rd period - Josh Hennessy wins face-off versus Artem Anisimov in Senators zone.
9:55 of 3rd period - Ryan Jones is hit by Josh Hennessy and loses puck.
10:12 of 3rd period - Wrist shot by Ville Koistinen.
10:12 of 3rd period - Stopped by Jacob Markstrom without a rebound.
10:13 of 3rd period - Alexandre Bolduc wins face-off versus Gilbert Brule in Senators zone.
10:26 of 3rd period - Slapshot by Igor Radulov.
10:26 of 3rd period - Shot Hit the Post.
10:28 of 3rd period - Slapshot by Alexei Emelin.
10:28 of 3rd period - Stopped by Jacob Markstrom with a rebound.
10:38 of 3rd period - Vladimir Mihalik is hit by Ryan Jones and loses puck.
10:39 of 3rd period - Vladimir Mihalik from Senators is injured at 10:39 of 3rd period (Left Hand).
10:40 of 3rd period - Alexandre Bolduc wins face-off versus Gilbert Brule in Senators zone.
11:02 of 3rd period - Icing by Ryan Parent.
11:03 of 3rd period - Josh Hennessy wins face-off versus Artem Anisimov in Senators zone.
11:05 of 3rd period - Icing by Ryan Parent.
11:06 of 3rd period - Josh Hennessy wins face-off versus Artem Anisimov in Senators zone.
12:16 of 3rd period - Snap shot by Nikolai Kulemin.
12:16 of 3rd period - Deflect By Josh Hennessy.
12:16 of 3rd period - Goal by Josh Hennessy - Gangsters : 5 - Senators : 3.
12:17 of 3rd period - Gilbert Brule wins face-off versus Alexandre Bolduc in neutral zone.
12:28 of 3rd period - Niklas Hagman is hit by Alexandre Bolduc and loses puck.
12:50 of 3rd period - Wrist shot by Nikolai Kulemin.
12:50 of 3rd period - Stopped by David LeNeveu with a rebound.
13:10 of 3rd period - Brock Bradford is hit by Brett Sterling and loses puck.
14:08 of 3rd period - Stanislav Chistov is hit by Ben Holmstrom and loses puck.
14:23 of 3rd period - Snap shot by Cody Hodgson.
14:23 of 3rd period - Shot Misses the Net.
14:25 of 3rd period - Slapshot by Ryan Parent.
14:25 of 3rd period - Stopped by David LeNeveu without a rebound.
14:26 of 3rd period - Brock Bradford wins face-off versus Gilbert Brule in Gangsters zone.
14:35 of 3rd period - Slapshot by Alexei Emelin.
14:35 of 3rd period - Shot Blocked by Ryan Parent.
14:58 of 3rd period - Wrist shot by Ryan Jones.
14:58 of 3rd period - Shot Misses the Net.
15:00 of 3rd period - Snap shot by Artem Anisimov.
15:00 of 3rd period - Shot Misses the Net.
15:04 of 3rd period - Wrist shot by Chris Bourque.
15:04 of 3rd period - Shot Blocked by Paul Ranger.
15:30 of 3rd period - Igor Radulov is hit by Jack Skille.
15:50 of 3rd period - Snap shot by Gilbert Brule.
15:50 of 3rd period - Shot Misses the Net.
16:08 of 3rd period - Snap shot by Nikolai Kulemin.
16:08 of 3rd period - Deflect By Josh Hennessy.
16:08 of 3rd period - Shot Misses the Net.
16:08 of 3rd period - Puck is out of play.
16:09 of 3rd period - Brock Bradford wins face-off versus Josh Hennessy in Gangsters zone.
16:13 of 3rd period - Icing by Staffan Kronwall.
16:14 of 3rd period - Brock Bradford wins face-off versus Cody Hodgson in Gangsters zone.
16:23 of 3rd period - Slapshot by Brett Sterling.
16:23 of 3rd period - Goal by Brett Sterling - Gangsters : 5 - Senators : 4.
16:24 of 3rd period - Alexandre Bolduc wins face-off versus Cody Hodgson in neutral zone.
16:26 of 3rd period - Alexei Emelin is hit by Brett Sterling and loses puck.
16:31 of 3rd period - Wrist shot by Igor Radulov.
16:31 of 3rd period - Stopped by Jacob Markstrom without a rebound.
16:32 of 3rd period - Jack Skille wins face-off versus Alexandre Bolduc in Senators zone.
16:47 of 3rd period - Snap shot by Alexandre Bolduc.
16:47 of 3rd period - Shot Misses the Net.
17:01 of 3rd period - Slapshot by Gilbert Brule.
17:01 of 3rd period - Stopped by David LeNeveu with a rebound.
17:03 of 3rd period - Snap shot by B.J. Crombeen.
17:03 of 3rd period - Stopped by David LeNeveu with a rebound.
17:05 of 3rd period - Slapshot by Ryan Parent.
17:05 of 3rd period - Shot Blocked by Alexei Emelin.
17:37 of 3rd period - Alexandre Bolduc is hit by Karl Alzner and loses puck.
18:34 of 3rd period - Cody Hodgson is hit by Ryan Keller and loses puck.
19:01 of 3rd period - Senators, Jacob Markstrom is pulled from the net.
19:03 of 3rd period - Snap shot by Gilbert Brule.
19:03 of 3rd period - Shot Misses the Net.
19:05 of 3rd period - Wrist shot by Gilbert Brule.
19:05 of 3rd period - Stopped by David LeNeveu with a rebound.
19:07 of 3rd period - Wrist shot by Gilbert Brule.
19:07 of 3rd period - Shot Misses the Net.
19:09 of 3rd period - Slapshot by Gilbert Brule.
19:09 of 3rd period - Deflect By Niklas Hagman.
19:09 of 3rd period - Shot Misses the Net.
19:09 of 3rd period - Puck is out of play.
19:10 of 3rd period - Doug Gilmour call a timeout for Senators.
19:10 of 3rd period - Gilbert Brule wins face-off versus Igor Radulov in Gangsters zone.
19:49 of 3rd period - Snap shot by B.J. Crombeen.
19:49 of 3rd period - Shot Misses the Net.
19:51 of 3rd period - Snap shot by Gilbert Brule.
19:51 of 3rd period - Goal by Gilbert Brule - Gangsters : 5 - Senators : 5.
19:51 of 3rd period - Jacob Markstrom from Senators was sent back in the game.
19:52 of 3rd period - Cody Hodgson wins face-off versus Alexandre Bolduc in neutral zone.
Overtime #1
0:01 of 1st overtime period - Igor Radulov wins face-off versus B.J. Crombeen in neutral zone.
0:44 of 1st overtime period - Snap shot by Steven Goertzen.
0:44 of 1st overtime period - Stopped by David LeNeveu with a rebound.
1:22 of 1st overtime period - Snap shot by Mikko Lehtonen.
1:22 of 1st overtime period - Shot Blocked by Karl Alzner.
2:00 of 1st overtime period - Wrist shot by Steven Goertzen.
2:00 of 1st overtime period - Stopped by David LeNeveu without a rebound.
2:01 of 1st overtime period - B.J. Crombeen wins face-off versus Igor Radulov in Gangsters zone.
2:13 of 1st overtime period - Icing by Alexei Emelin.
2:14 of 1st overtime period - B.J. Crombeen wins face-off versus Chris Bourque in Gangsters zone.
2:35 of 1st overtime period - Wrist shot by Nikolai Kulemin.
2:35 of 1st overtime period - Deflect By Gilbert Brule.
2:35 of 1st overtime period - Shot Misses the Net.
2:35 of 1st overtime period - Puck is out of play.
2:36 of 1st overtime period - Gilbert Brule wins face-off versus Igor Radulov in Gangsters zone.
2:37 of 1st overtime period - Snap shot by Nikolai Kulemin.
2:37 of 1st overtime period - Stopped by David LeNeveu with a rebound.
3:28 of 1st overtime period - Snap shot by Nikolai Kulemin.
3:28 of 1st overtime period - Stopped by David LeNeveu with a rebound.
3:54 of 1st overtime period - Slapshot by Gilbert Brule.
3:54 of 1st overtime period - Shot Blocked by Ville Koistinen.
3:56 of 1st overtime period - Snap shot by Gilbert Brule.
3:56 of 1st overtime period - Shot Misses the Net.
3:58 of 1st overtime period - Snap shot by Gilbert Brule.
3:58 of 1st overtime period - Goal by Gilbert Brule - Gangsters : 5 - Senators : 6.
Output by the SimonT Hockey Simulator (STHS) for François Prévost -- Original Page W3C XHTML 1.0 Valid